 Dungeon Crawl Stone Soup version bcrawl-1.39.1 (webtiles) character file.

Game seed: 1409712771411810355

526538 Finalfun the Fighter (level 18, -3/146 HPs)
             Began as a Gnoll Wanderer on Sept 26, 2023.
             Was a Priest of Lugonu.
             Slain by a naga
             ... wielding a +0 long sword
              (8 damage)
             ... on level 3 of the Snake Pit.
             The game lasted 01:57:28 (30811 turns).

Finalfun the Fighter (Gnoll Wanderer)              Turns: 30811, Time: 01:57:28

Health: -3/146     AC: 29    Str: 19    XL:     18   Next: 7%
Magic:  33/33      EV:  9    Int: 12    God:    Lugonu [***...]
Gold:   928        SH: 19    Dex: 17    Spells: 26/40 levels left

rFire    + + +     GDR:     38% R - +2 demon blade (venom)
rCold    + . .     SeeInvis +   T - +2 medium shield of the Hanged Man {MR+ Slay+4}
rNeg     + + .     Gourm    .   J - +10 chain mail "Wigh" {rElec Str+4 SInv}
rPois    .         Faith    +   o - +0 hat of Lugonu's Approval {rPois rN+}
rElec    +         Spirit   .   V - +2 cloak {MR+}
rCorr    .         Reflect  .   Z - +2 pair of gloves of Pessimism {-Cast rF+++ MR++ Dex-5}
MR       +++++     NoCast   +   (no boots)
Stlth    ++........             h - amulet "Paotziuc" {Faith rElec rC+ Int-3 Slay+3}
HPRegen  0.34/turn              v - ring of insulation
MPRegen  0.23/turn              Y - ring of positive energy

@: lethally poisoned (-3 -> -20), poison vulnerable, very slightly contaminated,
constricted, invisible
A: distributed training, fangs 1, strong nose
a: Depart the Abyss, Bend Space, Banish, Renounce Religion


You were on level 3 of the Snake Pit.
You worshipped Lugonu.
Lugonu was most pleased with you.
You were not hungry.

You visited 5 branches of the dungeon, and saw 23 of its levels.
You also visited: Bailey and Ice Cave.

You collected 2457 gold pieces.
You spent 1529 gold pieces at shops.

Inventory:

Hand Weapons
 a - a +4 hand crossbow
 k - the +7 falchion "Catsysec" {pain, rC+ Dex+2, unknown}
   (You found it on level 3 of the Snake Pit)

   In the hands of one skilled in necromantic magic, it inflicts extra damage on
   living creatures.
   It affects your dexterity (+2).
   It protects you from cold.
 R - a +2 demon blade of venom (weapon)
Missiles
 f - 1762 bolts
 j - a throwing net {=f}
 z - 820 poisoned tomahawks
 I - 44 steel javelins (quivered)
Armour
 m - the cursed +0 ring mail of Weeseschi {rPois Int+3, unknown}
   (You found it on level 3 of the Snake Pit)

   It affects your intelligence (+3).
   It protects you from poison.
   It has a curse placed upon it.
 o - the +0 hat of Lugonu's Approval (worn) {rPois rN+}
   (Lugonu gifted it to you in the Orcish Mines)

   It protects you from poison.
   It protects you from negative energy.
 x - a +2 pair of gloves
 J - the +10 chain mail "Wigh" (worn) {rElec Str+4 SInv}
   (You bought it in a shop on level 8 of the Dungeon)

   It affects your strength (+4).
   It insulates you from electricity.
   It lets you see invisible.
 T - the +2 medium shield of the Hanged Man (worn) {MR+ Slay+4}
   (Lugonu gifted it to you on level 2 of the Snake Pit)

   It affects your accuracy and damage with ranged weapons and melee attacks
   (+4).
   It affects your resistance to hostile enchantments.
 V - a +2 cloak of magic resistance (worn)
 Z - the +2 pair of gloves of Pessimism (worn) {-Cast rF+++ MR++ Dex-5}
   (Lugonu gifted it to you on level 9 of the Dungeon)

   It affects your dexterity (-5).
   It renders you almost immune to fire.
   It affects your resistance to hostile enchantments.
   It prevents spellcasting.
Jewellery
 h - the amulet "Paotziuc" (around neck) {Faith rElec rC+ Int-3 Slay+3}
   (You acquired it on level 8 of the Dungeon)

   [amulet of faith]

   It allows you to gain divine favour quickly.
   It affects your intelligence (-3).
   It affects your accuracy and damage with ranged weapons and melee attacks
   (+3).
   It protects you from cold.
   It insulates you from electricity.
 v - a ring of insulation (left hand)
 Y - a ring of positive energy (right hand)
Wands
 s - a wand of paralysis (7)
 H - a wand of flame (43)
 L - a wand of disintegration (13)
 M - a wand of charming (5)
 O - a wand of digging (4)
 U - a wand of iceblast (18)
Scrolls
 b - 3 scrolls of fear
 g - 2 scrolls of fog
 i - 2 scrolls of enchant weapon
 n - 6 scrolls of amnesia
 p - 9 scrolls of teleportation
 q - 13 scrolls of remove curse
 u - 4 scrolls of immolation
 y - a scroll of silence
 G - 3 scrolls of revelation
 K - 3 scrolls of vulnerability
 N - 3 scrolls of blinking
Potions
 c - a potion of berserk rage
 d - 8 potions of flight
 l - 2 potions of lignification
 t - 5 potions of brilliance
 w - 4 potions of curing
 A - 4 potions of might
 B - 2 potions of cancellation
 C - a potion of magic
 D - a potion of haste
 E - 3 potions of agility
 F - 2 potions of mutation
 S - 5 potions of ambrosia
 W - a potion of invisibility
Miscellaneous
 P - a lamp of fire (inert)
 Q - a lightning rod (4/4)
 X - 2 phantom mirrors
Comestibles
 e - 19 rations {!d}


   Skills:
 + Level 14.0 Fighting
 + Level 11.7 Short Blades
 + Level 11.7 Long Blades
 + Level 11.7 Axes
 + Level 11.7 Maces & Flails
 + Level 11.7 Polearms
 + Level 11.7 Staves
 + Level 11.7 Slings
 + Level 11.7 Bows
 + Level 12.0 Crossbows
 + Level 11.7 Throwing
 + Level 12.5 Armour
 + Level 12.0 Dodging
 + Level 12.5 Stealth
 + Level 11.7 Shields
 + Level 11.7 Unarmed Combat
 + Level 11.7 Spellcasting
 + Level 10.0 Conjurations
 + Level 10.0 Hexes
 + Level 10.0 Charms
 + Level 10.0 Summonings
 + Level 10.0 Necromancy
 + Level 10.0 Translocations
 + Level 10.0 Transmutations
 + Level 10.0 Fire Magic
 + Level 10.0 Ice Magic
 + Level 10.0 Air Magic
 + Level 10.0 Earth Magic
 + Level 10.0 Poison Magic
 + Level 12.6 Invocations
 + Level 11.7 Evocations


You had 26 spell levels left.
You knew the following spells:

 Your Spells              Type           Power        Failure   Level  Hunger
a - Petrify               Tmut/Erth      ####......   45%         4    None
b - Silence               Hex/Air        ####......   82%         5    ###....
c - Flaming Arrows        Chrm/Fire      ####....     8%          2    None
d - Tukima's Dance        Hex            ####....     16%         3    None

Your spell library contained the following spells:

 Spells                   Type           Power        Failure   Level  Hunger
 Apportation              Tloc           ####..       1%          1    None
 Recall                   Summ/Tloc      N/A          4%          3    None
 Beastly Appendage        Tmut           ####..       5%          1    None
 Corona                   Hex            ####...      5%          1    None
 Flame Tongue             Conj/Fire      ####.        5%          1    None
 Infusion                 Chrm           ####....     5%          1    None
 Sandblast                Erth           ####..       5%          1    None
 Slow                     Hex            ####....     5%          1    None
 Summon Butterflies       Summ           ####....     5%          1    None
 Ensorcelled Hibernation  Hex/Ice        ####..       8%          2    None
 Passwall                 Tmut/Erth      ####....     8%          2    None
 Song of Slaying          Chrm           ####....     8%          2    None
 Sticks to Snakes         Tmut           ####....     8%          2    None
 Swiftness                Chrm/Air       ####....     8%          2    None
 Confuse                  Hex            ####....     16%         3    None
 Conjure Flame            Conj/Fire      ####....     16%         3    None
 Dazzling Orbs            Conj/Hex       ####...      16%         3    None
 Inner Flame              Hex/Fire       N/A          16%         3    None
 Ozocubu's Armour         Chrm/Ice       ####....     16%         3    None
 Regeneration             Chrm/Necr      ####......   16%         3    None
 Spectral Weapon          Hex/Chrm       ####....     16%         3    None
 Spider Form              Tmut/Pois      ###          16%         3    None
 Summon Forest            Summ/Tloc      ####......   34%         5    ###....
 Cause Fear               Hex            ####......   45%         4    None
 Ice Form                 Ice/Tmut       ####....     45%         4    None
 Lightning Bolt           Conj/Air       ####....     45%         4    None
 Olgreb's Toxic Radiance  Pois           ####.....    45%         4    None
 Sticky Flame             Conj/Fire      ####....     45%         4    None
 Tree Form                Hex/Tmut       N/A          45%         4    None
 Yara's Violent Unravell  Hex/Tmut       ####......   45%         4    None
 Blade Hands              Tmut           ####......   82%         5    ###....
 Fireball                 Conj/Fire      ####......   82%         5    ###....
 Summon Demon             Summ           ####......   82%         5    ###....
 Summon Mana Viper        Hex/Summ       ####....     82%         5    ###....
 Aura of Abjuration       Summ           ####......   100%        6    #####..
 Bolt of Cold             Conj/Ice       ####......   100%        6    #####..
 Statue Form              Tmut/Erth      ####.....    100%        6    #####..
 Virulence                Hex/Pois       ####....     100%        6    #####..
 Dragon Form              Tmut           ####...      100%        7    ######.
 Shadow Creatures         Summ           N/A          100%        7    ######.
 Necromutation            Tmut/Necr      ####....     100%        8    #######


Dungeon Overview and Level Annotations

Branches:
Dungeon (12/12)            Temple (0/1) D:6            Lair (6/6) D:8
 Shoals (1/3) Lair:3        Snake (3/3) Lair:4        Slime (0/5) Orc
    Orc (1/1) D:8             Elf (0/3) Lair:5       Vaults (0/3) D:11
 Depths (0/5) D:12

Altars:
Ashenzari
Cheibriados
Elyvilon
Gozag
Hepliaklqana
Lugonu
Makhleb
Nemelex Xobeh
Okawaru
Trog
Uskayaw
Vehumet
Xom
Yredelemnul
Jiyva

Shops:
D:8 ?[   D:11 [   Orc =??*   Snake:2 :%*

Portals:
Abyss: Lair:1

Annotations:
D:6 1 runed translucent door, yrara's ghost, novice DsFi
Snake:1 corrupted
Snake:3 corrupted Orc 1 runed door, corrupted
Abyss:1 Harold


Innate Abilities, Weirdness & Mutations

Your experience applies equally to all skills.
You have very sharp teeth.
Your uncanny sense of smell can sniff out nearby items.


Message History

The nagaraja hits you from afar with a +0 spear!
* * * LOW HITPOINT WARNING * * *
You are very lightly contaminated with residual magic.
You feel much better.
You feel sick.
A black mamba comes into view.
You block the black mamba's attack.
The nagaraja hits you from afar with a +0 spear!
* * * LOW HITPOINT WARNING * * *
The naga hits you but does no damage. The naga constricts you.
You block the jumping spider's attack.
The tarantella hisses angrily.
The naga's grasp on you weakens, but your attempt to escape fails.
* * * LOW HITPOINT WARNING * * *
You feel very sick.
The black mamba hisses angrily.
The anaconda closely misses you.
The nagaraja hits you from afar with a +0 spear.
* * * LOW HITPOINT WARNING * * *
The naga hits you with a +0 long sword!
You die...

#................##........#
#................##........#
#.)..............##........#
#.........#########........#
.........##########......).#
.........##......##........#
...)..)..##...Ss.##........#
.........##...S.s##).......#
..........'..NsN@)'(..^....#
.........##.s.SSN##........#
.........#..SNNSS##.....^..#
.........##)).r..##........#
#....######)##'#############
###### #..).### #....#
##....## #......#


You could see a nagaraja, 3 anacondas, a naga ritualist, 2 mana vipers, 2 black
mambas, a jumping spider, 2 tarantellas, a redback, 3 nagas and a hell rat.

Vanquished Creatures
  Rupert (Lair:6)
  4 nagarajas
  An imperial myrmidon (Orc)
  An ironheart preserver (D:11)
  A merfolk impaler (Shoals:1)
  A merfolk javelineer (Shoals:1)
  5 hydras
  15 naga warriors
  A rakshasa (Snake:3)
  A death knight (D:11)
  A queen ant (Lair:4)
  3 death yaks
  7 anacondas
  4 two-headed ogres
  6 shock serpents
  A skeletal warrior (D:10)
  7 naga sharpshooters
  A goliath frog (Lair:6)
  3 centaur warriors
  5 salamander mystics
  2 unseen horrors
  A gelid demonspawn (IceCv)
  3 naga ritualists
  A wolf spider zombie (D:11)
  5 mana vipers
  3 cyclopes
  8 ugly things
  3 orc sorcerers (Orc)
  A deep elf mage (Bailey)
  10 salamanders
  7 orc knights (Orc)
  2 wolf spiders
  4 manticores
  A shining eye (shapeshifter) (D:12)
  6 elephants
  2 ice statues (IceCv)
  24 black mambas
  A black mamba (shapeshifter) (D:12)
  3 guardian serpents
  Joseph (D:9)
  A gargoyle (D:12)
  10 naga magi
  8 komodo dragons
  15 cane toads
  A rime drake (Lair:2)
  3 kobold demonologists (D:11)
  An eye of draining (D:9)
  An efreet (D:12)
  9 ice devils (IceCv)
  A freezing wraith (D:11)
  3 tengu conjurers (D:11)
  Maurice (Orc)
  3 harpy skeletons
  4 trolls
  8 hornets
  3 saltlings (Orc)
  2 polar bears (Lair:6)
  5 blink frogs (Lair:2)
  15 slime creatures
  5 dream sheep
  2 snapping turtles
  8 hippogriffs
  2 meliai zombies (D:11)
  A shadow (D:12)
  16 spriggans
  A spriggan (shapeshifter) (D:12)
  43 yaks
  2 humans (D:8)
  Eustachio (D:6)
  2 wyverns
  4 basilisks
  A steam dragon (Lair:3)
  4 hungry ghosts
  3 vampire mosquitoes (D:12)
  4 wargs (Orc)
  38 nagas
  An acid dragon (D:11)
  Duvessa (D:6)
  10 crocodiles
  11 water moccasins
  2 hell hounds (Lair:5)
  A porcupine (shapeshifter) (D:12)
  A cane toad skeleton (D:10)
  A hornet zombie (D:9)
  12 porcupines
  16 orc warriors
  A swamp drake (D:8)
  5 phantoms
  21 soldier ants
  6 black bears
  13 ice beasts
  7 necrophages
  5 sky beasts
  28 wolves
  8 ogres
  8 boggarts
  13 bullfrogs
  2 kobold brigands
  2 gnoll sergeants
  A wyvern zombie (D:9)
  7 centaurs
  5 scorpions
  Dowan (D:6)
  A killer bee (D:8)
  16 wights
  A howler monkey (D:7)
  12 orc priests
  6 crimson imps
  3 jellies
  A bullfrog skeleton (D:10)
  4 hounds
  7 iguanas
  22 worker ants
  16 orc wizards
  5 hell rats (D:8)
  A killer bee zombie (D:6)
  A hound zombie (D:9)
  2 hound skeletons
  A worker ant zombie (D:7)
  15 adders
  20 gnolls
  2 howler monkey skeletons
  5 river rats (D:8)
  A shadow imp (D:12)
  8 white imps
  4 ufetubi (IceCv)
  An ooze (D:2)
  An adder zombie (D:5)
  An adder skeleton (D:6)
  5 worms
  5 leopard geckos
  61 orcs
  3 giant cockroaches
  6 goblins
  5 hobgoblins
  11 jackals
  11 kobolds
  7 quokkas
  2 ball pythons
  7 bats
  3 frilled lizards
  23 rats
  A lurking horror (Lair:1)
884 creatures vanquished.

Vanquished Creatures (others)
  3 nagarajas
  An orc warlord (Orc)
  A rakshasa (Snake:3)
  3 naga warriors
  3 alligators (Snake:1)
  9 naga sharpshooters
  An orc high priest (Orc)
  2 shock serpents
  2 swamp dragons (Snake:1)
  A naga ritualist (Snake:1)
  A cyclops (Orc)
  2 orc knights (Orc)
  4 mana vipers
  2 orc sorcerers (Orc)
  2 salamanders
  3 naga magi
  13 black mambas
  A torpor snail (Lair:6)
  A saltling (Orc)
  A slime creature (Snake:1)
  A basilisk (D:8)
  5 swamp worms (Snake:1)
  A warg (Orc)
  8 nagas
  A swamp drake (Snake:1)
  6 orc warriors (Orc)
  A boggart (Lair:6)
  An orc priest (Orc)
  2 white imps (IceCv)
  6 ufetubi (IceCv)
  4 orcs (Orc)
  A giant cockroach (D:3)
  A hobgoblin (D:3)
  13 fungi
  13 pillars of salt (Orc)
  25 plants
  41 starspawn tentacles
186 creatures vanquished.

Grand Total: 1070 creatures vanquished

Notes
Turn   | Place    | Note
-------+----------+-------------------------------------------
     0 | D:1      | Finalfun the Gnoll Wanderer began the quest for the Orb.
     0 | D:1      | Finalfun set off with the following items: a +2 hand
                  | crossbow, 143 bolts, a potion of berserk rage, a potion of
                  | flight, a ration {!d}, a +0 dagger, a +0 robe
     0 | D:1      | Reached XP level 1. HP: 26/26 MP: 1/1
    62 | D:1      | Reached XP level 2. HP: 33/33 MP: 2/2
   709 | D:2      | Reached XP level 3. HP: 38/38 MP: 3/3
   878 | D:2      | Found a shattered altar of Ashenzari.
  1002 | D:2      | Reached skill level 1 in Invocations
  1236 | D:2      | Reached skill level 1 in Short Blades
  1236 | D:2      | Reached skill level 1 in Long Blades
  1236 | D:2      | Reached skill level 1 in Axes
  1236 | D:2      | Reached skill level 1 in Maces & Flails
  1236 | D:2      | Reached skill level 1 in Polearms
  1236 | D:2      | Reached skill level 1 in Staves
  1236 | D:2      | Reached skill level 1 in Slings
  1236 | D:2      | Reached skill level 1 in Bows
  1236 | D:2      | Reached skill level 1 in Throwing
  1236 | D:2      | Reached skill level 1 in Shields
  1236 | D:2      | Reached skill level 1 in Unarmed Combat
  1236 | D:2      | Reached skill level 1 in Spellcasting
  1236 | D:2      | Reached skill level 1 in Evocations
  1441 | D:3      | Reached XP level 4. HP: 45/45 MP: 5/5
  1459 | D:3      | Reached skill level 1 in Conjurations
  1459 | D:3      | Reached skill level 1 in Hexes
  1459 | D:3      | Reached skill level 1 in Charms
  1459 | D:3      | Reached skill level 1 in Summonings
  1459 | D:3      | Reached skill level 1 in Necromancy
  1459 | D:3      | Reached skill level 1 in Translocations
  1459 | D:3      | Reached skill level 1 in Transmutations
  1459 | D:3      | Reached skill level 1 in Fire Magic
  1459 | D:3      | Reached skill level 1 in Ice Magic
  1459 | D:3      | Reached skill level 1 in Air Magic
  1459 | D:3      | Reached skill level 1 in Earth Magic
  1459 | D:3      | Reached skill level 1 in Poison Magic
  1465 | D:3      | Reached XP level 5. HP: 51/51 MP: 5/7
  1676 | D:3      | Reached XP level 6. HP: 53/57 MP: 8/8
  1878 | D:3      | Found a basalt altar of Yredelemnul.
  1989 | D:3      | Found a white marble altar of Elyvilon.
  2362 | D:4      | Reached skill level 5 in Armour
  2362 | D:4      | Reached skill level 5 in Stealth
  2840 | D:5      | Entered Level 5 of the Dungeon
  2879 | D:5      | Found a shimmering altar of Xom.
  2881 | D:5      | Found a shimmering altar of Xom.
  2882 | D:5      | Found a shimmering altar of Xom.
  2884 | D:5      | Found a shimmering altar of Xom.
  2887 | D:5      | Reached XP level 7. HP: 56/63 MP: 10/10
  2898 | D:5      | Found a shimmering altar of Xom.
  2898 | D:5      | Found a shimmering altar of Xom.
  2900 | D:5      | Found a shimmering altar of Xom.
  2982 | D:5      | Found a corrupted altar of Lugonu.
  2996 | D:5      | Became a worshipper of Lugonu the Unformed
  3024 | D:5      | Reached skill level 9 in Fighting
  3115 | D:5      | Reached XP level 8. HP: 71/71 MP: 12/12
  3408 | D:6      | Found a runed translucent door.
  3409 | D:6      | Noticed yrara's ghost (novice DsFi)
  3409 | D:6      | Noticed Dowan
  3419 | D:6      | Killed Dowan
  3420 | D:6      | Noticed Duvessa
  3458 | D:6      | Killed Duvessa
  3550 | D:6      | Found a burning altar of Makhleb.
  3552 | D:6      | Found a radiant altar of Vehumet.
  3567 | D:6      | Noticed Eustachio
  3582 | D:6      | Killed Eustachio
  3583 | D:6      | Reached XP level 9. HP: 76/76 MP: 14/14
  3588 | D:6      | Found a snail-covered altar of Cheibriados.
  3676 | D:6      | Found a runed door.
  3740 | D:6      | Found a staircase to the Ecumenical Temple.
  3799 | D:6      | Found a sparkling altar of Nemelex Xobeh.
  3862 | D:6      | Found an opulent altar of Gozag.
  3864 | D:6      | Found a hide-covered altar of Uskayaw.
  3871 | D:6      | Reached ** piety under Lugonu
  4313 | D:7      | Reached skill level 5 in Crossbows
  4313 | D:7      | Reached skill level 5 in Dodging
  4675 | D:7      | Reached skill level 5 in Invocations
  4834 | D:7      | Found a flagged portal.
  4846 | Bailey   | Entered a bailey
  4852 | Bailey   | Noticed a deep elf mage
  4855 | Bailey   | Killed a deep elf mage
  4856 | Bailey   | Reached XP level 10. HP: 85/85 MP: 17/17
  4868 | Bailey   | Noticed a deep elf mage
  4873 | Bailey   | Noticed a sun demon
  4874 | Bailey   | Noticed a deep elf mage
  4896 | D:7      | Learned a level 4 spell: Petrify
  4902 | D:7      | Learned a level 5 spell: Silence
  5161 | D:8      | Reached *** piety under Lugonu
  5191 | D:7      | Reached skill level 5 in Short Blades
  5191 | D:7      | Reached skill level 5 in Long Blades
  5191 | D:7      | Reached skill level 5 in Axes
  5191 | D:7      | Reached skill level 5 in Maces & Flails
  5191 | D:7      | Reached skill level 5 in Polearms
  5191 | D:7      | Reached skill level 5 in Staves
  5191 | D:7      | Reached skill level 5 in Slings
  5191 | D:7      | Reached skill level 5 in Bows
  5191 | D:7      | Reached skill level 5 in Throwing
  5191 | D:7      | Reached skill level 5 in Shields
  5191 | D:7      | Reached skill level 5 in Unarmed Combat
  5191 | D:7      | Reached skill level 5 in Spellcasting
  5191 | D:7      | Reached skill level 5 in Evocations
  5248 | D:8      | Found a staircase to the Orcish Mines.
  5248 | D:8      | Found Woog's Armour Shoppe.
  5316 | D:8      | Found Peudghee's Magic Scroll Emporium.
  5577 | D:8      | Reached skill level 10 in Fighting
  5978 | D:8      | Got a faintly glowing pewter ring
  6008 | D:8      | Noticed Harold
  6014 | D:8      | Reached **** piety under Lugonu
  6014 | D:8      | Banished Harold
  6168 | D:8      | Found an iron altar of Okawaru.
  6562 | D:8      | Found a staircase to the Lair.
  6677 | D:8      | Identified the ring "Kibosenn" {*Corrode Int+4 Dex+5} (You
                  | found it on level 8 of the Dungeon)
  6752 | Lair:1   | Entered Level 1 of the Lair of Beasts
  6753 | Lair:1   | Found a one-way gate to the infinite horrors of the Abyss.
  6796 | Lair:1   | Reached XP level 11. HP: 89/91 MP: 19/19
  6890 | Lair:1   | Found a corrupted altar of Lugonu.
  7258 | Lair:1   | Learned a level 2 spell: Flaming Arrows
  7289 | Lair:1   | Received a gift from Lugonu
  7290 | Lair:1   | Got a shimmering medium shield {god gift}
  7299 | Lair:1   | Identified the +0 medium shield of Honour {rC+} (Lugonu
                  | gifted it to you on level 1 of the Lair of Beasts)
  7325 | Lair:1   | Got a crude scale mail
  7336 | Lair:1   | Identified the cursed +0 scale mail of the Sea {rF+ Slay+2}
                  | (You found it on level 1 of the Lair of Beasts)
  7576 | Lair:1   | Reached skill level 5 in Conjurations
  7576 | Lair:1   | Reached skill level 5 in Hexes
  7576 | Lair:1   | Reached skill level 5 in Charms
  7576 | Lair:1   | Reached skill level 5 in Summonings
  7576 | Lair:1   | Reached skill level 5 in Necromancy
  7576 | Lair:1   | Reached skill level 5 in Translocations
  7576 | Lair:1   | Reached skill level 5 in Transmutations
  7576 | Lair:1   | Reached skill level 5 in Fire Magic
  7576 | Lair:1   | Reached skill level 5 in Ice Magic
  7576 | Lair:1   | Reached skill level 5 in Air Magic
  7576 | Lair:1   | Reached skill level 5 in Earth Magic
  7576 | Lair:1   | Reached skill level 5 in Poison Magic
  8498 | Lair:2   | Identified the Volume of Absolutism
  8858 | Lair:3   | Reached XP level 12. HP: 97/99 MP: 22/22
  9218 | Lair:3   | Noticed a death yak
  9218 | Lair:3   | Noticed a death yak
  9220 | Lair:3   | Noticed a death yak
  9249 | Lair:2   | Killed a death yak
  9654 | Lair:3   | Noticed a four-headed hydra
  9691 | Lair:3   | Killed a four-headed hydra
  9692 | Lair:3   | Reached skill level 11 in Fighting
  9779 | Lair:3   | Found a staircase to the Shoals.
  9917 | Lair:2   | Killed a death yak
  9971 | Lair:3   | Killed a death yak
 10087 | Lair:4   | Noticed a queen ant
 10299 | Lair:4   | Found a staircase to the Snake Pit.
 10375 | Lair:4   | Killed a queen ant
 10557 | Lair:4   | Reached XP level 13. HP: 75/106 MP: 17/24
 11966 | Lair:5   | Found a staircase to the Elven Halls.
 12037 | Lair:4   | Received a gift from Lugonu
 13813 | Lair:6   | Entered Level 6 of the Lair of Beasts
 14029 | Lair:6   | Noticed Rupert
 14061 | Lair:6   | Killed Rupert
 14447 | Lair:6   | Reached XP level 14. HP: 114/114 MP: 26/26
 14750 | Lair:6   | Reached skill level 12 in Fighting
 14750 | Lair:6   | Reached skill level 10 in Armour
 14750 | Lair:6   | Reached skill level 10 in Stealth
 16712 | D:9      | Received a gift from Lugonu
 16774 | D:9      | Found a hazy altar of Hepliaklqana.
 16781 | D:9      | Found a bloodstained altar of Trog.
 17100 | D:8      | Reached skill level 10 in Invocations
 17155 | D:9      | Received a gift from Lugonu
 17157 | D:9      | Got a pair of shimmering gloves {god gift}
 17181 | D:9      | Identified the +2 pair of gloves of Pessimism {-Cast rF+++
                  | MR++ Dex-5} (Lugonu gifted it to you on level 9 of the
                  | Dungeon)
 17370 | D:9      | Noticed Joseph
 17377 | D:9      | Killed Joseph
 17405 | D:9      | Found a shimmering altar of Xom.
 17647 | D:10     | Entered Level 10 of the Dungeon
 18709 | D:11     | Found a frozen archway.
 18745 | IceCv    | Entered an ice cave
 19294 | IceCv    | Paralysed by fainting for 7 turns
 19559 | IceCv    | Got fading ice dragon scales
 19570 | IceCv    | Identified the +5 ice dragon scales of Suegg {rF- rC++
                  | Regen+} (You found it in an ice cave)
 19788 | D:11     | Reached XP level 15. HP: 122/122 MP: 28/28
 20073 | D:11     | Reached skill level 10 in Crossbows
 20073 | D:11     | Reached skill level 10 in Dodging
 20139 | D:11     | Found a gate to the Vaults.
 20265 | D:11     | Found the +5 scythe "Finisher" {speed, eviscerate}
 20273 | D:11     | Reached ***** piety under Lugonu
 20468 | D:11     | Found Osiunesef's Antique Armour Emporium.
 20471 | D:11     | Bought a pair of encrusted gloves for 313 gold pieces
 20481 | D:11     | Identified the +1 pair of gloves of Wun Otus {-Cast rF+
                  | MP+9} (You bought it in a shop on level 11 of the Dungeon)
 21087 | D:12     | Entered Level 12 of the Dungeon
 21269 | D:12     | Received a gift from Lugonu
 21639 | D:12     | Reached skill level 10 in Short Blades
 21639 | D:12     | Reached skill level 10 in Long Blades
 21639 | D:12     | Reached skill level 10 in Axes
 21639 | D:12     | Reached skill level 10 in Maces & Flails
 21639 | D:12     | Reached skill level 10 in Polearms
 21639 | D:12     | Reached skill level 10 in Staves
 21639 | D:12     | Reached skill level 10 in Slings
 21639 | D:12     | Reached skill level 10 in Bows
 21639 | D:12     | Reached skill level 10 in Throwing
 21639 | D:12     | Reached skill level 10 in Shields
 21639 | D:12     | Reached skill level 10 in Unarmed Combat
 21639 | D:12     | Reached skill level 10 in Spellcasting
 21639 | D:12     | Reached skill level 10 in Evocations
 22047 | D:12     | Received a gift from Lugonu
 22065 | D:12     | Found a staircase to the Depths.
 22491 | Orc      | Entered the Orcish Mines
 22500 | Orc      | Noticed Maurice
 22521 | Orc      | Received a gift from Lugonu
 22546 | Orc      | Killed Maurice
 22633 | Orc      | Found a runed door.
 22633 | Orc      | Found a viscous altar of Jiyva.
 22636 | Orc      | Found a staircase to the Slime Pits.
 22763 | Orc      | Received a gift from Lugonu
 22764 | Orc      | Got a twisted hat {god gift}
 22775 | Orc      | Identified the +0 hat of Lugonu's Approval {rPois rN+}
                  | (Lugonu gifted it to you in the Orcish Mines)
 23150 | Orc      | Noticed an imperial myrmidon
 23188 | Orc      | Killed an imperial myrmidon
 23286 | Orc      | Corrupted Orc
 23308 | Orc      | Noticed an orc warlord
 23313 | Orc      | Killed an orc warlord
 23320 | Orc      | Reached XP level 16. HP: 63/129 MP: 9/30
 23413 | Orc      | Found Vicos's Magic Scroll Boutique.
 23414 | Orc      | Found Pajirch's Magic Scroll Boutique.
 23414 | Orc      | Found a roughly hewn altar of Beogh.
 23496 | Orc      | Found Sorchodwe's Jewellery Shop.
 23510 | Orc      | Reached skill level 13 in Fighting
 23658 | Orc      | Found Halus's Assorted Antiques.
 24129 | Snake:1  | Entered Level 1 of the Snake Pit
 24280 | Shoals:1 | Entered Level 1 of the Shoals
 24532 | D:8      | Bought the +10 chain mail "Wigh" {rElec Str+4 SInv} for
                  | 1216 gold pieces
 24553 | D:8      | Identified a scroll of acquirement
 24553 | D:8      | Identified the +1 quick blade of Unaceas {pierce, rF+ MP+9}
                  | (You acquired it on level 8 of the Dungeon)
 24553 | D:8      | Identified the +2 pair of boots of Floral Happiness {rPois
                  | rF- MR++ Dex+4} (You acquired it on level 8 of the Dungeon)
 24553 | D:8      | Identified the amulet "Paotziuc" {Faith rElec rC+ Int-3
                  | Slay+3} (You acquired it on level 8 of the Dungeon)
 24553 | D:8      | Identified Perghaex's Tome of Black Magic and the Traveller
                  | (You acquired it on level 8 of the Dungeon)
 24730 | Snake:1  | Corrupted Snake:1
 24730 | Snake:1  | Noticed a tentacled starspawn
 24730 | Snake:1  | Noticed a tentacled starspawn
 24730 | Snake:1  | Noticed a tentacled starspawn
 24730 | Snake:1  | Noticed a tentacled starspawn
 24730 | Snake:1  | Noticed a tentacled starspawn
 24731 | Snake:1  | Noticed a lich
 24733 | Snake:1  | Noticed a hellephant
 24757 | Snake:1  | Noticed a tentacled starspawn
 24782 | Snake:1  | Noticed an Executioner
 24791 | Snake:1  | Noticed a nagaraja
 24795 | Snake:1  | Killed a nagaraja
 26851 | Snake:2  | Noticed a nagaraja
 26856 | Snake:2  | Killed a nagaraja
 26857 | Snake:2  | Reached XP level 17. HP: 137/137 MP: 32/32
 27224 | Snake:2  | Found Coas's Food Emporium.
 27251 | Snake:2  | Found Enwel's General Store.
 27313 | Snake:2  | Received a gift from Lugonu
 27314 | Snake:2  | Got a slimy medium shield {god gift}
 27350 | Snake:2  | Identified the +2 medium shield of the Hanged Man {MR+
                  | Slay+4} (Lugonu gifted it to you on level 2 of the Snake
                  | Pit)
 28168 | Snake:2  | Found Nuojiam's Book Shoppe.
 28175 | Snake:2  | Learned a level 3 spell: Tukima's Dance
 28835 | Snake:3  | Entered Level 3 of the Snake Pit
 29901 | Snake:3  | Corrupted Snake:3
 29920 | Snake:3  | Noticed a tentacled starspawn
 29933 | Snake:3  | Reached skill level 10 in Conjurations
 29933 | Snake:3  | Reached skill level 10 in Hexes
 29933 | Snake:3  | Reached skill level 10 in Charms
 29933 | Snake:3  | Reached skill level 10 in Summonings
 29933 | Snake:3  | Reached skill level 10 in Necromancy
 29933 | Snake:3  | Reached skill level 10 in Translocations
 29933 | Snake:3  | Reached skill level 10 in Transmutations
 29933 | Snake:3  | Reached skill level 10 in Fire Magic
 29933 | Snake:3  | Reached skill level 10 in Ice Magic
 29933 | Snake:3  | Reached skill level 10 in Air Magic
 29933 | Snake:3  | Reached skill level 10 in Earth Magic
 29933 | Snake:3  | Reached skill level 10 in Poison Magic
 30124 | Snake:3  | Got a polished ring mail
 30143 | Snake:3  | Got a smoking falchion
 30178 | Snake:3  | Reached XP level 18. HP: 104/145 MP: 33/33
 30504 | Snake:3  | Reached skill level 14 in Fighting
 30811 | Snake:3  | HP: 5/146 [nagaraja/+0 spear (6)]
 30811 | Snake:3  | Slain by a naga

Skill      XL: |  1  2  3  4  5  6  7  8  9 10 11 12 13 14 15 16 17 18 |
---------------+-------------------------------------------------------+-----
Invocations    | 1 2 3 4 5 6 7 8 9 10 11 12 | 12.6
Short Blades   | 1 2 3 4 5 6 7 8 9 10 11 | 11.7
Long Blades    | 1 2 3 4 5 6 7 8 9 10 11 | 11.7
Axes           | 1 2 3 4 5 6 7 8 9 10 11 | 11.7
Maces & Flails | 1 2 3 4 5 6 7 8 9 10 11 | 11.7
Polearms       | 1 2 3 4 5 6 7 8 9 10 11 | 11.7
Staves         | 1 2 3 4 5 6 7 8 9 10 11 | 11.7
Slings         | 1 2 3 4 5 6 7 8 9 10 11 | 11.7
Bows           | 1 2 3 4 5 6 7 8 9 10 11 | 11.7
Throwing       | 1 2 3 4 5 6 7 8 9 10 11 | 11.7
Shields        | 1 2 3 4 5 6 7 8 9 10 11 | 11.7
Unarmed Combat | 1 2 3 4 5 6 7 8 9 10 11 | 11.7
Spellcasting   | 1 2 3 4 5 6 7 8 9 10 11 | 11.7
Evocations     | 1 2 3 4 5 6 7 8 9 10 11 | 11.7
Conjurations   | 1 2 3 4 5 6 7 8 9 10 | 10.0
Hexes          | 1 2 3 4 5 6 7 8 9 10 | 10.0
Charms         | 1 2 3 4 5 6 7 8 9 10 | 10.0
Summonings     | 1 2 3 4 5 6 7 8 9 10 | 10.0
Necromancy     | 1 2 3 4 5 6 7 8 9 10 | 10.0
Translocations | 1 2 3 4 5 6 7 8 9 10 | 10.0
Transmutations | 1 2 3 4 5 6 7 8 9 10 | 10.0
Fire Magic     | 1 2 3 4 5 6 7 8 9 10 | 10.0
Ice Magic      | 1 2 3 4 5 6 7 8 9 10 | 10.0
Air Magic      | 1 2 3 4 5 6 7 8 9 10 | 10.0
Earth Magic    | 1 2 3 4 5 6 7 8 9 10 | 10.0
Poison Magic   | 1 2 3 4 5 6 7 8 9 10 | 10.0
Crossbows      | 3 4 5 6 7 8 9 10 11 12 | 12.0
Dodging        | 3 4 5 6 7 8 9 10 11 12 | 12.0
Armour         | 5 6 7 8 9 10 11 12 | 12.5
Stealth        | 5 6 7 8 9 10 11 12 | 12.5
Fighting       | 9 10 11 12 13 14 | 14.0

Action                   |  1- 3 |  4- 6 |  7- 9 | 10-12 | 13-15 | 16-18 || total
-------------------------+-------+-------+-------+-------+-------+-------++-------
Melee: Scimitar          |       |       |       |       |   370 |       ||   370
       Bite              |       |       |       |       |   205 |   101 ||   306
       Demon trident     |       |       |       |       |   118 |       ||   118
       Demon blade       |       |       |       |       |   836 |   697 ||  1533
 Fire: Hand crossbow     |    65 |    99 |   267 |   431 |   425 |       ||  1287
       Fustibalus        |       |       |       |       |   347 |       ||   347
Throw: Tomahawk          |       |       |       |   202 |   218 |       ||   420
       Javelin           |       |       |       |       |    36 |   243 ||   279
 Cast: Flaming Arrows    |       |       |       |     1 |       |       ||     1
Invok: Bend Space        |       |       |     5 |    24 |    53 |     6 ||    88
       Banish            |       |       |       |     2 |     4 |       ||     6
       Corrupt           |       |       |       |       |     1 |     2 ||     3
Evoke: Lamp of fire      |       |       |       |       |       |     1 ||     1
  Use: Scroll            |     1 |     4 |     9 |     7 |    11 |     7 ||    39
       Potion            |       |       |       |     2 |    12 |     5 ||    19
 Stab: Sleeping          |       |       |       |       |     7 |     1 ||     8
       Distracted        |       |       |       |       |     3 |     1 ||     4
       Invisible         |       |       |       |       |     1 |       ||     1
  Eat: Chunk             |     4 |     8 |    18 |    40 |    77 |    16 ||   163
       Ration            |       |       |       |       |    11 |     9 ||    20
Armor: Robe              |     3 |       |       |       |       |       ||     3
       Leather armour    |       |     5 |       |       |       |       ||     5
       Ring mail         |       |     7 |    29 |     6 |       |       ||    42
       Skin              |       |       |       |     3 |    18 |    33 ||    54
       Scale mail        |       |       |       |    54 |   297 |       ||   351
       Ice dragon scales |       |       |       |       |   500 |    68 ||   568
       Chain mail        |       |       |       |       |       |   321 ||   321
Dodge: Dodged            |     8 |    27 |    27 |   126 |   776 |   255 ||  1219
Block: Buckler           |       |     5 |    32 |    22 |       |       ||    59
       Reflection        |       |       |     3 |       |       |       ||     3
       Medium shield     |       |       |       |   112 |  1352 |   824 ||  2288
